 Dungeon Crawl Stone Soup version 0.16.0-8-gd9ae3a8 (webtiles) character file.

125 SirDieALot the Conjurer (level 4, 0/24 HPs)
             Began as a Deep Elf Conjurer on Mar 16, 2015.
             Succumbed to an adder's poison
             ... on level 2 of the Dungeon.
             The game lasted 00:20:01 (2541 turns).

SirDieALot the Conjurer (Deep Elf Conjurer)         Turns: 2541, Time: 00:20:01

Health: 0/24       AC:  2    Str:  5      XL:     4   Next: 82%
Magic:  8/15       EV: 12    Int: 21      God:
Gold:   119        SH:  0    Dex: 11 (15) Spells: 3 memorised, 5 levels left

rFire  . . .     SeeInvis .     (no weapon)
rCold  . . .     Clarity  .     a - +0 robe
rNeg   . . .     SustAb   .     (no shield)
rPois  .         Gourm    .     (no helmet)
rElec  .         Spirit   .     (no cloak)
rCorr  .         Warding  .     (no gloves)
rMut   .         Stasis   .     (no boots)
MR     .....                    (no amulet)
Stlth  ++........               (no ring)
                                (no ring)

@: lethally poisoned (0 -> -5), not resistant to hostile enchantments,
unstealthy
A: no striking features
a: no special abilities


You were on level 2 of the Dungeon.
You were not hungry.

You visited 1 branch of the dungeon, and saw 2 of its levels.

You collected 119 gold pieces.

Inventory:

Missiles
 d - 20 poisoned needles
 g - 21 bolts of frost (quivered)
Armour
 a - a +0 robe (worn)
 h - a +0 robe
 s - a +0 robe
Jewellery
 n - an uncursed ring of teleport control {unknown}
Magical devices
 t - a wand of magic darts (30)
Scrolls
 f - a scroll of fear {unknown}
 m - a scroll of recharging {unknown}
 o - a scroll of amnesia {unknown}
 p - 2 scrolls of remove curse {unknown}
 r - 2 scrolls of teleportation {unknown}
Potions
 e - a potion of curing {unknown}
 i - 2 potions of invisibility {unknown}
 j - a potion of might {unknown}
 k - a potion of lignification {unknown}
Books
 c - a book of Conjurations

   Spells                             Type                      Level
   a - Magic Dart                     Conjuration                  1
   b - Searing Ray                    Conjuration                  2
   c - Dazzling Spray                 Conjuration/Hexes            3
   d - Fulminant Prism                Conjuration/Hexes            4
   e - Iskenderun's Mystic Blast      Conjuration                  4
   f - Iskenderun's Battlesphere      Conjuration/Charms           5
Comestibles
 b - a bread ration
 l - a beef jerky


   Skills:
 + Level 0.1 Fighting
 + Level 3.0 Dodging
 + Level 3.0 Stealth
 + Level 4.2 Spellcasting
 + Level 5.8 Conjurations


You had 5 spell levels left.
You knew the following spells:

 Your Spells              Type           Power        Failure   Level  Hunger
a - Magic Dart            Conj           ####         1%          1    None
b - Searing Ray           Conj           ####..       1%          2    #......
c - Dazzling Spray        Conj/Hex       ###.....     14%         3    ###....


Dungeon Overview and Level Annotations

Branches:
Dungeon (2/15)

Altars:

Annotations:
D:2 Sigmund


Message History

You feel sick.
* * * LOW HITPOINT WARNING * * *
You feel sick.
* * * LOW HITPOINT WARNING * * *
You feel sick.
* * * LOW HITPOINT WARNING * * *
You feel sick.
* * * LOW HITPOINT WARNING * * *
You feel sick.
* * * LOW HITPOINT WARNING * * *
You feel sick.
* * * LOW HITPOINT WARNING * * *
You feel sick.
* * * LOW HITPOINT WARNING * * *
You feel sick.
Drink which item? (? for menu, Esc to quit)
It was a potion of degeneration.
There was something very wrong with that liquid.
You feel clumsy.
You die...

##...##.####.#######.#
##.###...........##.#
#.######.<..........
#...# #.#.####.....
###.# #.#.# ####.# #.#
#.#.#######.# #.#
#.....)..##.# #.#
###.......... ####@#
######..... #.?..#
#####. #.##†# #. # ###
#. #. #.
###############.
#......[......#.
#############.#.


There were no monsters in sight!

Vanquished Creatures
  Jessica (D:2)
  Terence (D:2)
  3 adders (D:2)
  A worm (D:1)
  6 bats
  2 giant cockroaches
  10 goblins
  4 hobgoblins (D:1)
  12 kobolds
  2 quokkas (D:2)
  2 giant geckos (D:1)
  2 giant newts
  6 jackals
  5 rats
57 creatures vanquished.

Notes
Turn   | Place    | Note
--------------------------------------------------------------
     0 | D:1      | SirDieALot, the Deep Elf Conjurer, began the quest for the Orb.
     0 | D:1      | Reached XP level 1. HP: 10/10 MP: 5/5
   183 | D:1      | Reached XP level 2. HP: 13/15 MP: 1/8
   344 | D:1      | Reached skill level 5 in Conjurations
   348 | D:1      | Learned a level 2 spell: Searing Ray
   754 | D:1      | Reached XP level 3. HP: 19/19 MP: 0/11
   874 | D:1      | Learned a level 3 spell: Dazzling Spray
  1862 | D:2      | Noticed Terence
  1892 | D:2      | Killed Terence
  1892 | D:2      | Reached XP level 4. HP: 24/24 MP: 0/14
  2033 | D:2      | Noticed Sigmund
  2050 | D:2      | Noticed Jessica
  2052 | D:2      | Killed Jessica
  2539 | D:2      | HP: 1/24 [poisoned by an adder]
  2541 | D:2      | Succumbed to an adder's poison

Action                   |  1- 3 |  4- 6 || total
-------------------------+-------+-------++-------
Melee: Unarmed           |     6 |     2 ||     8
 Cast: Magic Dart        |   102 |    22 ||   124
       Searing Ray       |     9 |     3 ||    12
       Dazzling Spray    |     1 |     1 ||     2
  Use: Potion            |       |     1 ||     1
  Eat: Chunk             |     3 |     1 ||     4
       Pizza             |       |     1 ||     1
